 Dungeon Crawl Stone Soup version 0.24-a0-497-g5a03d68f59 (webtiles) character file.

Game seed: 13091517684144985871

541998 Azzok the Impregnable (level 27, 0/170 HPs)
             Began as a Formicid Fighter on July 13, 2019.
             Was the Champion of Okawaru.
             Killed from afar by a tengu reaver (21 damage)
             ... with a bolt of lightning
             ... on level 4 of the Vaults.
             The game lasted 02:21:18 (68948 turns).

Azzok the Impregnable (Formicid Fighter)           Turns: 68948, Time: 02:21:18

Health: 0/170      AC: 50    Str: 36    XL:     27
Magic:  39/42      EV: 10    Int: 14    God:    Okawaru [******]
Gold:   6682       SH: 19    Dex:  7    Spells: 48/56 levels left

rFire    + . .     SeeInvis +   L - +8 mithril axe "Arga" {speed, MR+}
rCold    + + +     Gourm    .   T - +2 shield
rNeg     + + .     Faith    .   o - +12 gold dragon scales
rPois    +         Spirit   .   (helmet unavailable)
rElec    .         Reflect  +   U - +0 cloak of the Tuna {rC+ rN++ Str+3 Dex-3}
rCorr    .         Harm     .   Y - +2 pair of gloves {Str+3}
MR       +++..                  G - +1 pair of boots "Guzuetio" {rC+ Int+2}
Stlth    ..........             C - +3 amulet of reflection
HPRegen  0.38/turn              W - +2 ring of protection
MPRegen  0.28/turn              O - +2 ring of slaying

@: heroism, finesse, studying 2 skills
A: permanent stasis, dig shafts and tunnels, four strong arms, antennae 3
}: 2/15 runes: serpentine, barnacled
a: Dig, Shaft Self, Heroism, Finesse, Renounce Religion


You were on level 4 of the Vaults.
You worshipped Okawaru.
Okawaru was exalted by your worship.
You were not hungry.

You visited 9 branches of the dungeon, and saw 45 of its levels.
You visited 1 bazaar.
You also visited: Bailey, Ice Cave, Volcano and Wizlab.

You collected 7384 gold pieces.
You spent 702 gold pieces at shops.

Inventory:

Hand Weapons
 v - a +9 antimagic executioner's axe
 L - the +8 mithril axe "Arga" (weapon) {speed, MR+}
   (You found it on level 1 of the Orcish Mines)

   Attacks with this weapon are significantly faster.
   It affects your resistance to hostile enchantments.
Missiles
 p - 5 throwing nets (quivered)
Armour
 o - +12 gold dragon scales (worn)
 q - a scarf of resistance
 x - the +18 shield of the Gong {rElec rN+ MR+ EV-5}
   (You found it on level 5 of the Dungeon)

   It affects your evasion (-5).
   It insulates you from electricity.
   It protects you from negative energy.
   It affects your resistance to hostile enchantments.
 G - the +1 pair of boots "Guzuetio" (worn) {rC+ Int+2}
   (Okawaru gifted it to you on level 4 of the Depths)

   It affects your intelligence (+2).
   It protects you from cold.
 T - a +2 shield (worn)
 U - the +0 cloak of the Tuna (worn) {rC+ rN++ Str+3 Dex-3}
   (You found it in a wizard's laboratory)

   It affects your strength (+3).
   It affects your dexterity (-3).
   It protects you from cold.
   It greatly protects you from negative energy.
 Y - a +2 pair of gloves of strength (worn)
Jewellery
 g - an uncursed amulet of regeneration
 s - an uncursed ring of protection from cold
 t - an uncursed ring of protection from fire
 A - an uncursed ring of stealth
 C - a +3 amulet of reflection (around neck)
 O - a +2 ring of slaying (right hand)
 V - an uncursed ring of resist corrosion
 W - a +2 ring of protection (left hand)
Wands
 k - a wand of iceblast (24)
 u - a wand of paralysis (45)
 y - a wand of clouds (7)
 E - a wand of disintegration (54)
 J - a wand of acid (24)
 N - a wand of digging (5)
 Z - a wand of scattershot (2)
Scrolls
 c - 4 scrolls of magic mapping
 i - 36 scrolls of remove curse
 m - 5 scrolls of amnesia
 n - a scroll of identify
 w - 6 scrolls of immolation
 D - 8 scrolls of fear
 K - 5 scrolls of fog
 Q - a scroll of summoning
Potions
 b - 4 potions of cancellation
 d - 6 potions of might
 e - 8 potions of heal wounds
 h - 9 potions of flight
 j - 2 potions of resistance
 l - 22 potions of curing
 r - 9 potions of mutation {!q}
 z - 4 potions of ambrosia
 B - 7 potions of agility
 H - 2 potions of magic
 I - 6 potions of lignification
 M - 3 potions of invisibility
Books
 a - a manual of Translocations
 S - a manual of Dodging
Miscellaneous
 P - a lamp of fire
Comestibles
 f - 65 rations


   Skills:
 - Level 4.2(9.2) Fighting
 - Level 21.4(27) Axes
   Level 12.1(23.0) Maces & Flails
 + Level 25.7(27) Armour
 - Level 9.0(14.0) Shields
 + Level 15.3 Spellcasting
 + Level 15.3 Necromancy
 + Level 16.5 Transmutations
 - Level 10.0 Invocations
 - Level 9.0 Evocations


You had 48 spell levels left.
You knew the following spells:

 Your Spells              Type           Power        Failure   Level  Hunger
a - Necromutation         Tmut/Necr      ######....   93%         8    #######

Your spell library contained the following spells:

 Spells                   Type           Power        Failure   Level  Hunger
 Beastly Appendage        Tmut           ######       1%          1    None
 Corpse Rot               Necr           N/A          1%          2    None
 Passwall                 Tmut/Erth      ####....     1%          2    None
 Sticks to Snakes         Tmut           ######..     1%          2    None
 Agony                    Necr           ######..     1%          5    ####...
 Blade Hands              Tmut           ######....   1%          5    ####...
 Spider Form              Tmut/Pois      ####......   2%          3    None
 Hydra Form               Tmut           ######....   4%          6    ######.
 Ice Form                 Ice/Tmut       ####....     9%          4    ##.....
 Petrify                  Tmut/Erth      ####....     9%          4    ##.....
 Alistair's Intoxication  Tmut/Pois      ####....     22%         5    ####...
 Yara's Violent Unravell  Hex/Tmut       ####......   22%         5    ####...
 Apportation              Tloc           ##....       26%         1    None
 Corona                   Hex            ##.....      26%         1    None
 Freeze                   Ice            ##..         26%         1    None
 Magic Dart               Conj           ##..         26%         1    None
 Sandblast                Erth           ##....       26%         1    None
 Shock                    Conj/Air       ##..         26%         1    None
 Sting                    Conj/Pois      ##..         26%         1    None
 Summon Butterflies       Summ           ##......     26%         1    None
 Summon Small Mammal      Summ           ##..         26%         1    None
 Borgnjor's Vile Clutch   Necr/Erth      ####......   30%         5    ####...
 Call Imp                 Summ           ##......     36%         2    None
 Ensorcelled Hibernation  Hex/Ice        ##....       36%         2    None
 Poisonous Vapours        Pois/Air       ##....       36%         2    None
 Searing Ray              Conj           ##....       36%         2    None
 Shroud of Golubria       Chrm/Tloc      ##....       36%         2    None
 Slow                     Hex            ##......     36%         2    None
 Swiftness                Chrm/Air       ##......     36%         2    None
 Throw Frost              Conj/Ice       ##....       36%         2    None
 Call Canine Familiar     Summ           ##......     58%         3    None
 Confuse                  Hex            ##......     58%         3    None
 Conjure Flame            Conj/Fire      ##......     58%         3    None
 Dazzling Spray           Conj/Hex       ##....       58%         3    None
 Gell's Gravitas          Tloc           ##........   58%         3    None
 Inner Flame              Hex/Fire       ##......     58%         3    None
 Lesser Beckoning         Tloc           ##........   58%         3    None
 Mephitic Cloud           Conj/Pois/Air  ##......     58%         3    None
 Ozocubu's Armour         Chrm/Ice       ##......     58%         3    None
 Portal Projectile        Hex/Tloc       ##....       58%         3    None
 Recall                   Summ/Tloc      N/A          58%         3    None
 Static Discharge         Conj/Air       ##......     58%         3    None
 Stone Arrow              Conj/Erth      ##....       58%         3    None
 Summon Guardian Golem    Hex/Summ       ##......     58%         3    None
 Teleport Other           Tloc           ##......     58%         3    None
 Tukima's Dance           Hex            ##......     58%         3    None
 Statue Form              Tmut/Erth      ####.....    77%         6    ######.
 Airstrike                Air            ##........   94%         4    ##.....
 Cause Fear               Hex            ##........   94%         4    ##.....
 Force Lance              Conj/Tloc      ##......     94%         4    ##.....
 Fulminant Prism          Conj/Hex       ##........   94%         4    ##.....
 Iskenderun's Mystic Bla  Conj           ##......     94%         4    ##.....
 Leda's Liquefaction      Hex/Erth       ##........   94%         4    ##.....
 Olgreb's Toxic Radiance  Pois           ##......     94%         4    ##.....
 Passage of Golubria      Tloc           N/A          94%         4    ##.....
 Summon Ice Beast         Ice/Summ       ##......     94%         4    ##.....
 Summon Lightning Spire   Summ/Air       ##......     94%         4    ##.....
 Throw Icicle             Conj/Ice       ##......     94%         4    ##.....
 Borgnjor's Revivificati  Necr           ######....   97%         8    #######
 Infestation              Necr           ######....   97%         8    #######
 Aura of Abjuration       Summ           ##........   100%        5    ####...
 Bolt of Magma            Conj/Fire/Erth ##........   100%        5    ####...
 Iskenderun's Battlesphe  Conj/Chrm      ##......     100%        5    ####...
 Lee's Rapid Deconstruct  Erth           ##........   100%        5    ####...
 Lightning Bolt           Conj/Air       ##........   100%        5    ####...
 Silence                  Hex/Air        ##........   100%        5    ####...
 Summon Demon             Summ           ##........   100%        5    ####...
 Summon Forest            Summ/Tloc      ##........   100%        5    ####...
 Summon Mana Viper        Hex/Summ       ##......     100%        5    ####...
 Venom Bolt               Conj/Pois      ##........   100%        5    ####...
 Deflect Missiles         Chrm/Air       ##........   100%        6    ######.
 Dispersal                Tloc           ##........   100%        6    ######.
 Freezing Cloud           Conj/Ice/Air   ##........   100%        6    ######.
 Invisibility             Hex            ##......     100%        6    ######.
 Iron Shot                Conj/Erth      ##........   100%        6    ######.
 Poison Arrow             Conj/Pois      ##........   100%        6    ######.
 Shadow Creatures         Summ           N/A          100%        6    ######.
 Haunt                    Necr/Summ      ####......   100%        7    #######
 Malign Gateway           Summ/Tloc      ##........   100%        7    #######
 Monstrous Menagerie      Summ           ##........   100%        7    #######
 Orb of Destruction       Conj           ##........   100%        7    #######
 Ring of Flames           Chrm/Fire      ##........   100%        7    #######
 Spellforged Servitor     Conj/Summ      ##........   100%        7    #######
 Summon Greater Demon     Summ           ##........   100%        7    #######
 Summon Hydra             Summ           ##........   100%        7    #######
 Chain Lightning          Conj/Air       ##........   100%        8    #######
 Death's Door             Chrm/Necr      ####......   100%        8    #######
 Discord                  Hex            ##........   100%        8    #######
 Disjunction              Tloc           ##........   100%        8    #######
 Lehudib's Crystal Spear  Conj/Erth      ##........   100%        8    #######
 Summon Horrible Things   Summ           ##........   100%        8    #######
 Fire Storm               Conj/Fire      ##........   100%        9    #######
 Glaciate                 Conj/Ice       ##........   100%        9    #######
 Shatter                  Erth           ##........   100%        9    #######
 Blink                    Tloc           Unusable     N/A         2    N/A
 Controlled Blink         Tloc           Unusable     N/A         8    N/A

Dungeon Overview and Level Annotations

Branches:
Dungeon (15/15)            Temple (1/1) D:5            Lair (6/6) D:8
 Shoals (4/4) Lair:3        Snake (4/4) Lair:4        Slime (0/5) Lair:5
    Orc (2/2) D:10            Elf (3/3) Orc:2        Vaults (5/5) D:14
  Crypt (0/3) Vaults:3     Depths (5/5) D:15            Zot (0/5) Depths:5

Altars:
Ashenzari
Cheibriados
Dithmenos
Elyvilon
Fedhas
Gozag
Hepliaklqana
Kikubaaqudgha
Makhleb
Nemelex Xobeh
Okawaru
Qazlal
Ru
Sif Muna
Trog
Uskayaw
Vehumet
Wu Jian
Xom
Yredelemnul
Zin
The Shining One
Beogh
Jiyva
Lugonu

Shops:
D:7 *   Orc:1 =   Orc:2 *[:(   Elf:1 }   Snake:3 *   Snake:4 [

Portals:
Hell: Depths:1 Depths:2 Depths:3 Depths:4 Depths:5
Abyss: Depths:2 Depths:4
Pandemonium: Depths:3 Depths:5
Ziggurat: Depths:4
Trove: D:14 (lose all piety)

Annotations:
D:3 2 transporters, Yorgos's ghost, amateur TrAK
Elf:3 2 exclusions
Depths:3 1 exclusion
Depths:4 exclusion: lich


Innate Abilities, Weirdness & Mutations

You cannot be hasted, slowed, berserked, paralysed or teleported.
You can dig through walls and to a lower floor.
Your four strong arms can wield two-handed weapons with a shield.
You have a pair of large antennae on your head. (SInv)


Message History

The freezing wraith barely misses you. You block the freezing wraith's attack.
A mysterious force pulls you upwards. The hatch slams shut behind you.
The battlesphere dissipates.
You hit the tengu reaver.
The tengu reaver is severely wounded.
You closely miss the freezing wraith.
Your gold dragon scales prevents you from hitting the tengu reaver.
The tengu reaver is severely wounded.
You hit the freezing wraith.
You hit the tengu reaver but do no damage.
The tengu reaver is severely wounded.
You barely miss the freezing wraith. You closely miss the tengu reaver.
The tengu reaver is severely wounded.
You slash the freezing wraith!
You destroy the freezing wraith!
Okawaru accepts your kill.
The tengu reaver gestures at you while chanting.
The bolt of lightning hits you!!
You die...

········▒·····▒··▒··▒···▒········
········▒·····▒·▒▒▒·▒···▒········
··)·····▒·····▒··▒··▒·))▒········
········▒·····▒·▒▒▒·▒·)·▒········
········▒·····▒·····▒)·÷▒········
········▒·····▒·····▒·)·▒·····(··
▒▒'▒▒▒▒▒▒·····▒▒▒▒▒[▒([·▒▒▒▒▒▒▒▒▒
········(······Q···[·····)···(···
^·········[·(···@··(·····)····(··
··············(··················
·······························(·
·································
·································
▒▒▒▒▒▒▒▒▒▒▒▒▒▒▒▒▒▒▒▒▒▒▒▒▒▒▒▒▒▒▒▒▒
▒▒▒▒ ▒··▒▒▒ ▒····▒


You could see a tengu reaver.

Vanquished Creatures
  A juggernaut (Depths:1)
  Mennas (Vaults:3)
  Sojobo (Vaults:3)
  Saint Roka (Depths:2)
  A caustic shrike (Depths:2)
  3 golden dragons
  Nikola (Vaults:3)
  A bone dragon (Depths:4)
  Jorgrun (Elf:1)
  6 tentacled monstrosities
  3 titans
  2 deep elf blademasters
  A lich (Depths:2)
  A deep elf master archer (Elf:3)
  A kraken (Shoals:3)
  An eldritch tentacle (WizLab)
  A tentacled starspawn (WizLab)
  Agnes (Elf:2)
  7 sphinxes
  2 shadow dragons
  8 tengu reavers
  5 storm dragons
  Donald (Elf:1)
  Roxanne (D:14)
  6 nagarajas
  Aizul (Snake:2)
  14 frost giants
  3 iron dragons
  A balrug (Depths:3)
  5 fire giants
  14 vault wardens
  3 orc warlords
  6 deep elf sorcerers
  A cacodemon (Depths:3)
  A ghoul (Vaults:2)
  A draconian annihilator (Depths:5)
  7 deep elf elementalists
  A draconian shifter (Depths:5)
  14 stone giants
  A war gargoyle (Vaults:4)
  20 ironheart preservers
  3 entropy weavers
  10 very ugly things
  3 vampire knights
  17 deep elf demonologists
  A small abomination (Vaults:5)
  2 yellow draconians
  5 deep elf annihilators
  5 spark wasps (Depths:4)
  2 purple draconians (Depths:5)
  A dire elephant (shapeshifter) (Depths:4)
  6 deep elf death magi
  15 ettins
  Snorg (D:10)
  5 merfolk javelineers
  11 fire dragons
  10 ogre magi
  Erolcha (D:11)
  13 great orbs of eyes
  5 deep elf high priests
  5 merfolk impalers
  3 jiangshi
  18 yaktaur captains
  8 ice dragons
  6 rakshasas
  13 naga warriors
  10 hydras
  33 vault guards
  2 spriggan air magi
  3 merfolk avatars
  8 anacondas
  Erica (D:10)
  17 centaur warriors
  34 two-headed ogres
  3 merfolk aquamancers (Shoals:4)
  9 deep troll shamans
  26 dancing weapons
  3 satyrs
  2 death knights
  2 alligator snapping turtles
  4 death yaks
  A death yak (shapeshifter) (Vaults:5)
  4 deep troll earth magi
  2 hell hogs (Depths:4)
  A spriggan berserker (Depths:1)
  4 vampire magi
  6 orc high priests
  5 shock serpents
  15 naga sharpshooters
  A fire crab (shapeshifter) (D:11)
  Nergalle (Lair:3)
  28 deep elf knights
  3 iron trolls (Depths:4)
  13 hell knights
  A death drake (shapeshifter) (Vaults:5)
  17 skeletal warriors
  A sea snake (shapeshifter) (Depths:1)
  A shadow wraith (Vaults:4)
  A golden dragon zombie (Depths:4)
  A sixfirhy (WizLab)
  A glowing orange brain (shapeshifter) (Vaults:5)
  A storm dragon skeleton (Vaults:3)
  11 sea snakes
  A spark wasp zombie (Depths:4)
  7 glowing orange brains
  A shadow demon (Depths:3)
  3 unseen horrors
  8 naga ritualists
  7 wizards
  2 torturous demonspawn (Depths:3)
  A deep troll (shapeshifter) (Vaults:5)
  A swamp dragon (Vaults:1)
  17 deep trolls
  3 flayed ghosts
  2 lindwurms
  2 phantasmal warriors
  15 deep elf archers
  An obsidian statue (WizLab)
  A wolf spider zombie (D:15)
  17 ironbrand convokers
  14 mana vipers
  4 necromancers
  23 orc knights
  5 harpies (Vaults:2)
  A harpy (shapeshifter) (Depths:1)
  6 orc sorcerers
  An orb spider (shapeshifter) (Vaults:1)
  81 deep elf magi
  A mana viper (shapeshifter) (Vaults:4)
  36 ugly things
  3 worldbinders (WizLab)
  11 manticores
  23 fauns
  6 wolf spiders
  11 cyclopes
  4 salamanders
  A centaur zombie (D:14)
  35 black mambas
  A frost giant skeleton (Vaults:3)
  24 naga magi
  8 merfolk sirens
  11 vault sentinels
  21 elephants
  3 smoke demons
  4 guardian serpents
  3 ice statues (IceCv)
  A torpor snail (Lair:4)
  4 water nymphs
  8 spiny frogs
  An orange demon (Depths:3)
  5 molten gargoyles
  A yaktaur (shapeshifter) (Vaults:1)
  An elf skeleton (Depths:4)
  13 komodo dragons
  2 kobold demonologists
  65 yaktaurs
  4 gargoyles
  3 efreet
  4 hellwings (Depths:3)
  A demonspawn skeleton (WizLab)
  5 rime drakes
  8 freezing wraiths
  2 human skeletons (Vaults:3)
  2 ancient zymes (WizLab)
  A meliai (shapeshifter) (Vaults:1)
  A red devil (Depths:3)
  A komodo dragon (shapeshifter) (D:9)
  2 yaktaur skeletons (Vaults:3)
  An ice devil (Depths:3)
  A queen bee (D:12)
  A jumping spider (Vaults:4)
  2 hornets (shapeshifter)
  6 meliai
  9 hornets
  2 harpy zombies
  3 tengu conjurers
  3 polar bears
  A raiju (WizLab)
  7 trolls
  3 wind drakes
  A tengu simulacrum (Vaults:2)
  15 dream sheep
  23 merfolk
  23 slime creatures
  2 wind drakes (shapeshifter) (Vaults:1)
  A meliai zombie (D:12)
  23 blink frogs
  An ettin zombie (Vaults:1)
  14 snapping turtles
  14 hippogriffs
  2 hippogriffs (shapeshifter)
  Sigmund (D:4)
  3 human simulacra
  20 water elementals
  3 shadows
  7 wyverns
  3 air elementals
  A yak (shapeshifter) (Elf:2)
  34 yaks
  7 redbacks
  2 wraiths
  7 basilisks
  2 chaos spawn
  A fire bat (Volcano)
  4 fire elementals
  3 steam dragons
  5 hungry ghosts
  A yaktaur simulacrum (Vaults:2)
  8 wargs
  A soldier ant (D:13)
  55 nagas
  2 acid dragons
  2 insubstantial wisps (WizLab)
  5 spatial vortices (WizLab)
  2 soldier ants (shapeshifter)
  A warg (shapeshifter) (Vaults:5)
  11 water moccasins
  11 hell hounds
  3 large abominations
  11 porcupines
  73 orc warriors
  5 sky beasts
  2 black bears
  A necrophage (D:7)
  10 ice beasts
  An eye of draining (shapeshifter) (D:13)
  2 ogres (shapeshifter)
  5 boggarts
  27 ogres
  31 centaurs
  2 phantoms
  14 crocodiles
  Blork the orc (D:4)
  10 bullfrogs
  4 big kobolds
  4 earth elementals
  A glowing shapeshifter simulacrum (Vaults:1)
  5 scorpions
  4 wyvern skeletons
  A water moccasin zombie (D:9)
  20 killer bees (D:12)
  An elf simulacrum (Vaults:1)
  2 howler monkeys
  10 wights
  8 crimson imps
  4 electric eels
  6 lava snakes
  2 bullfrog zombies
  6 hounds
  7 centaur skeletons
  4 jellies
  49 orc priests
  A gnoll shaman (D:7)
  43 orc wizards
  Ijyb (D:4)
  10 iguanas
  3 hell rats (Lair:1)
  11 worker ants
  3 hound zombies
  2 hound skeletons
  Robin (D:4)
  7 gnolls
  17 adders
  8 river rats (Lair:1)
  3 shadow imps
  2 ufetubi
  5 oozes
  An adder zombie (D:5)
  An adder skeleton (D:10)
  3 worms
  2 dart slugs
  6 leopard geckos
  129 orcs
  3 ball pythons
  8 bats
  4 giant cockroaches
  18 goblins
  15 hobgoblins
  10 jackals
  29 kobolds
  5 quokkas
  6 frilled lizards
  A leopard gecko skeleton (D:9)
  A leopard gecko zombie (D:5)
  10 rats
  3 crawling corpses
  A lurking horror (WizLab)
  9 plants
  4 tentacles (Shoals:3)
2243 creatures vanquished.

Vanquished Creatures (others)
  A deep elf master archer (Elf:3)
  A fire giant (Depths:1)
  3 stone giants
  A deep elf annihilator (Elf:3)
  A fire dragon (Depths:1)
  2 yaktaur captains
  3 centaur warriors
  A two-headed ogre (Vaults:2)
  A satyr (Shoals:4)
  2 naga sharpshooters (Snake:2)
  2 deep elf archers
  A wolf spider (Vaults:2)
  3 deep elf magi
  A manticore (Shoals:2)
  2 fauns (Shoals:4)
  12 yaktaurs
  A spatial vortex (WizLab)
  An orc warrior (Vaults:3)
  2 centaurs (D:15)
  A crimson imp (D:14)
  A jelly (D:15)
  An orc wizard (D:5)
  An adder (Snake:1)
  An orc (Vaults:2)
  10 kobolds
  5 fungi
  40 plants
  2 starspawn tentacles (WizLab)
  6 tentacles (Shoals:3)
109 creatures vanquished.

Grand Total: 2352 creatures vanquished

Notes
Turn   | Place    | Note
-------+----------+-------------------------------------------
     0 | D:1      | Azzok the Formicid Fighter began the quest for the Orb.
     0 | D:1      | Reached XP level 1. HP: 18/18 MP: 1/1
   314 | D:1      | Reached XP level 2. HP: 22/24 MP: 2/2
   522 | D:1      | Reached XP level 3. HP: 30/30 MP: 3/3
  1227 | D:2      | Reached XP level 4. HP: 37/37 MP: 4/4
  1866 | D:3      | Reached skill level 5 in Shields
  1916 | D:3      | Reached XP level 5. HP: 36/42 MP: 5/5
  2039 | D:3      | Found a transporter.
  2166 | D:3      | Found a transporter.
  2167 | D:3      | Noticed Yorgos's ghost (amateur TrAK)
  2509 | D:3      | Found an ornate altar of the Wu Jian Council.
  2758 | D:4      | Noticed Blork the orc
  2782 | D:4      | Killed Blork the orc
  2782 | D:4      | Reached XP level 6. HP: 40/48 MP: 6/6
  2900 | D:4      | Reached skill level 4 in Armour
  3248 | D:4      | Found a basalt altar of Yredelemnul.
  3248 | D:4      | Found a shimmering altar of Xom.
  3248 | D:4      | Noticed Ijyb
  3258 | D:4      | Killed Ijyb
  3259 | D:4      | Noticed Robin
  3292 | D:4      | Killed Robin
  3347 | D:4      | Found a faded altar of an unknown god.
  3350 | D:4      | Found a faded altar of an unknown god.
  3352 | D:4      | Found a hide-covered altar of Uskayaw.
  3479 | D:4      | Noticed Sigmund
  3494 | D:4      | Killed Sigmund
  3494 | D:4      | Reached XP level 7. HP: 48/54 MP: 7/7
  3610 | D:5      | Entered Level 5 of the Dungeon
  3621 | D:4      | Reached skill level 5 in Armour
  3768 | D:4      | Reached XP level 8. HP: 31/60 MP: 8/8
  3918 | D:5      | Reached skill level 5 in Maces & Flails
  4004 | D:5      | Found a staircase to the Ecumenical Temple.
  4022 | Temple   | Entered the Ecumenical Temple
  4112 | Temple   | Became a worshipper of Warmaster Okawaru
  4649 | D:5      | Found the +18 shield of the Gong {rElec rN+ MR+ EV-5}
  4669 | D:5      | Reached skill level 6 in Armour
  4944 | D:6      | Noticed a brown ugly thing
  5071 | D:6      | Reached * piety under Okawaru
  5081 | D:6      | Reached XP level 9. HP: 65/65 MP: 9/9
  5105 | D:6      | Reached skill level 7 in Armour
  5937 | D:7      | Noticed a hippogriff
  5946 | D:7      | Killed a hippogriff
  5955 | D:7      | Reached skill level 8 in Armour
  5990 | D:7      | Reached ** piety under Okawaru
  6047 | D:7      | Reached XP level 10. HP: 72/72 MP: 10/10
  6065 | D:7      | Reached skill level 9 in Armour
  6471 | D:7      | Identified the cursed +0 robe "Buis" {rN++ Dex-2}
  6924 | D:7      | Found Vob Ray's Lightly-Used Armoury.
  7167 | D:8      | Found a radiant altar of Vehumet.
  7219 | D:8      | Reached skill level 1 in Invocations
  7219 | D:8      | Reached skill level 1 in Evocations
  7239 | D:8      | Reached *** piety under Okawaru
  7424 | D:8      | Reached skill level 10 in Armour
  7649 | D:8      | Got a fine trident
  7731 | D:8      | Reached **** piety under Okawaru
  7741 | D:8      | Noticed a komodo dragon
  7741 | D:8      | Noticed a two-headed ogre
  7767 | D:8      | Killed a komodo dragon
  7772 | D:8      | Killed a two-headed ogre
  7772 | D:8      | Reached XP level 11. HP: 77/77 MP: 11/14
  7883 | D:8      | Found a staircase to the Lair.
  8294 | D:9      | Reached skill level 5 in Invocations
  8559 | D:9      | Noticed a two-headed ogre
  8569 | D:9      | Killed a two-headed ogre
  8569 | D:9      | Reached skill level 10 in Maces & Flails
  8569 | D:9      | Reached skill level 5 in Evocations
  8700 | D:9      | Found a shadowy altar of Dithmenos.
  8762 | D:9      | Identified the +5 trident of Dissent {pierce, Str+2 Dex+4
                  | Stlth+} (You found it on level 8 of the Dungeon)
  8793 | D:9      | Reached skill level 11 in Armour
  8940 | D:9      | Reached ***** piety under Okawaru
  9018 | D:9      | Found a runed translucent door.
  9024 | D:9      | Noticed a centaur warrior
  9024 | D:9      | Noticed an unseen horror
  9024 | D:9      | Noticed a deep elf knight
  9387 | D:9      | Killed a centaur warrior
  9450 | D:9      | Noticed an orc knight
  9460 | D:9      | Killed a deep elf knight
  9478 | D:9      | Killed an orc knight
  9482 | D:9      | Killed an unseen horror
  9589 | D:10     | Entered Level 10 of the Dungeon
  9604 | D:10     | Noticed Snorg
  9629 | D:10     | Killed Snorg
  9629 | D:10     | Reached XP level 12. HP: 65/83 MP: 15/17
  9636 | D:10     | Noticed Erica
  9660 | D:10     | Killed Erica
  9760 | D:9      | Received a gift from Okawaru
  9769 | D:9      | Identified a +1 pair of boots of running (Okawaru gifted it
                  | to you on level 9 of the Dungeon)
  9989 | D:10     | Noticed an unseen horror
 10002 | D:10     | Killed an unseen horror
 10175 | D:10     | Reached skill level 12 in Armour
 10316 | D:10     | Found a staircase to the Orcish Mines.
 11208 | D:12     | Noticed Erolcha
 11244 | D:11     | Killed Erolcha
 11245 | D:11     | Noticed a fire crab
 11245 | D:11     | a spriggan changed into a fire crab
 11258 | D:11     | Killed a fire crab
 11258 | D:11     | Reached XP level 13. HP: 78/88 MP: 19/19
 11285 | D:12     | Noticed a centaur warrior
 11285 | D:12     | Noticed a six-headed hydra
 11300 | D:12     | Killed a centaur warrior
 11300 | D:12     | Received a gift from Okawaru
 11310 | D:12     | Killed a six-headed hydra
 11631 | D:12     | Identified the +4 longbow "Killer Bee's Peril" {flame, rN+
                  | Int+3 Dex+3}
 11631 | D:12     | Noticed a centaur warrior
 11649 | D:12     | Killed a centaur warrior
 11649 | D:12     | Reached ****** piety under Okawaru
 11664 | D:12     | Noticed a six-headed hydra
 11678 | D:12     | Reached skill level 10 in Invocations
 11685 | D:12     | Killed a six-headed hydra
 11685 | D:12     | Reached skill level 13 in Armour
 11865 | D:12     | Got a transparent silver ring
 11866 | D:12     | Identified the ring of Voing {Str+2 Int-5 Dex+3 SInv} (You
                  | found it on level 12 of the Dungeon)
 12003 | D:12     | Identified Advanced Steps in Theurgy
 12008 | D:12     | Reached XP level 14. HP: 95/95 MP: 21/21
 12935 | D:12     | Received a gift from Okawaru
 13970 | Lair:1   | Entered Level 1 of the Lair of Beasts
 14033 | Lair:1   | You fall into a shaft and drop 1 floor!
 14096 | Lair:2   | Reached skill level 14 in Armour
 14118 | Lair:2   | Found a frozen archway.
 14171 | IceCv    | Entered an ice cave
 15047 | Lair:1   | Reached XP level 15. HP: 69/100 MP: 16/22
 16996 | Lair:3   | Reached skill level 15 in Armour
 17085 | Lair:3   | Received a gift from Okawaru
 17576 | Lair:3   | Reached skill level 10 in Axes
 17870 | Lair:3   | Noticed Nergalle
 17892 | Lair:3   | Killed Nergalle
 18108 | Lair:3   | Found a staircase to the Shoals.
 19188 | Lair:4   | You fall into a shaft and drop 2 floors!
 19188 | Lair:6   | Entered Level 6 of the Lair of Beasts
 19530 | Lair:4   | Found a staircase to the Snake Pit.
 19751 | Lair:5   | Reached skill level 16 in Armour
 20202 | Lair:5   | Found a runed translucent door.
 20202 | Lair:5   | Found a viscous altar of Jiyva.
 20762 | Lair:5   | Found a staircase to the Slime Pits.
 20825 | Lair:6   | Reached XP level 16. HP: 97/106 MP: 20/23
 20875 | Lair:6   | Received a gift from Okawaru
 21907 | Lair:6   | Received a gift from Okawaru
 22441 | Lair:6   | Reached skill level 17 in Armour
 22527 | Lair:6   | Found a large runed translucent door.
 22624 | Lair:6   | Found a large runed translucent door.
 23117 | Orc:1    | Entered Level 1 of the Orcish Mines
 23349 | Orc:1    | Found a roughly hewn altar of Beogh.
 23517 | Orc:1    | Found a flagged portal.
 23527 | Orc:1    | Found the +8 mithril axe "Arga" {speed, MR+}
 23537 | Bailey   | Entered a bailey
 23772 | Orc:1    | Found a dark tunnel.
 23803 | Volcano  | Entered a volcano
 23918 | Volcano  | Found a bloodstained altar of Trog.
 24342 | Orc:1    | Found Ethrelie's Jewellery Emporium.
 24725 | Orc:2    | Entered Level 2 of the Orcish Mines
 24911 | Orc:2    | Found a roughly hewn altar of Beogh.
 24914 | Orc:2    | Found a staircase to the Elven Halls.
 25339 | Orc:2    | Found a roughly hewn altar of Beogh.
 26210 | Orc:2    | Found Jag Cui's Antique Armour Boutique.
 26211 | Orc:2    | Found Jiheeb's Antique Weapon Shop.
 26212 | Orc:2    | Found Pustonig's General Store.
 26212 | Orc:2    | Found Efrimel's Book Boutique.
 26449 | Orc:2    | Bought a scroll of identify for 26 gold pieces
 26449 | Orc:2    | Bought a scroll of acquirement for 676 gold pieces
 26924 | D:13     | Reached skill level 18 in Armour
 26936 | D:13     | Received a gift from Okawaru
 26936 | D:13     | Reached XP level 17. HP: 112/112 MP: 24/24
 26941 | D:13     | Got a pair of encrusted boots {god gift}
 27791 | D:14     | Found a gate to the Vaults.
 27852 | D:14     | Found a portal to a secret trove of treasure.
 28033 | D:14     | Noticed Roxanne
 28062 | D:14     | Killed Roxanne
 28381 | D:15     | Entered Level 15 of the Dungeon
 29202 | D:15     | Found a staircase to the Depths.
 29646 | Elf:1    | Entered Level 1 of the Elven Halls
 29675 | Elf:1    | Received a gift from Okawaru
 29764 | Elf:1    | Reached skill level 15 in Axes
 29764 | Elf:1    | Reached skill level 19 in Armour
 29826 | Elf:1    | Noticed Donald
 29843 | Elf:1    | Killed Donald
 30430 | Elf:1    | Received a gift from Okawaru
 30551 | Elf:1    | Noticed Jorgrun
 30580 | Elf:1    | Killed Jorgrun
 30580 | Elf:1    | Reached XP level 18. HP: 101/118 MP: 21/25
 31097 | Elf:1    | Found Cawereri's Gadget Emporium.
 31846 | Elf:2    | Reached skill level 20 in Armour
 32092 | Elf:2    | Identified the -2 pair of boots "Jiosipuk" {*Drain Int+2
                  | Dex+5} (Okawaru gifted it to you on level 13 of the
                  | Dungeon)
 32189 | Elf:2    | Found a huge runed translucent gate.
 32189 | Elf:2    | Found a huge runed translucent gate.
 32194 | Elf:2    | Found a huge runed translucent gate.
 32195 | Elf:2    | Found a huge runed translucent gate.
 32195 | Elf:2    | Found a huge runed translucent gate.
 32312 | Elf:2    | Received a gift from Okawaru
 32456 | Elf:2    | Noticed Agnes
 32477 | Elf:2    | Killed Agnes
 32547 | Elf:2    | Received a gift from Okawaru
 32921 | Elf:3    | Entered Level 3 of the Elven Halls
 33140 | Elf:3    | Reached XP level 19. HP: 86/123 MP: 21/26
 33237 | Elf:3    | HP: 6/123 [deep elf mage/bolt of lightning (19)]
 33315 | Elf:3    | Found a magical portal.
 33352 | WizLab   | Entered The Roulette of Golubria
 33352 | WizLab   | Found a transporter.
 33534 | WizLab   | Found a corrupted altar of Lugonu.
 33590 | WizLab   | Found a corrupted altar of Lugonu.
 33609 | WizLab   | Found a transporter.
 33648 | WizLab   | Found a transporter.
 33673 | WizLab   | Found a transporter.
 33678 | WizLab   | Found the +2 cloak of the Thief {+Fog Slay-2 SInv Stlth+}
 33711 | WizLab   | Found a transporter.
 33711 | WizLab   | Found a transporter.
 33885 | WizLab   | Found a transporter.
 33899 | WizLab   | Found a transporter.
 34000 | WizLab   | Found a transporter.
 34030 | WizLab   | Found a transporter.
 34059 | WizLab   | Found a transporter.
 34059 | WizLab   | Found a transporter.
 34129 | WizLab   | Found a transporter.
 34129 | WizLab   | Found a transporter.
 34163 | WizLab   | Found a transporter.
 34194 | WizLab   | Found a corrupted altar of Lugonu.
 34348 | WizLab   | Found a transporter.
 34348 | WizLab   | Found a transporter.
 34353 | WizLab   | Reached skill level 21 in Armour
 34425 | WizLab   | Found a transporter.
 34485 | WizLab   | Got an encrusted cloak
 34488 | WizLab   | Got a spiked cloak
 34544 | Elf:3    | Noticed a deep elf blademaster
 34824 | Elf:3    | Identified the +10 scimitar "Suplesae" {holy, +Blink rPois
                  | rC- Str+6}
 34918 | Elf:3    | Identified the ring of Lugonu's Scorn {rElec rN+ MP+9 Dex-4
                  | Stlth+}
 35350 | Elf:3    | Noticed a deep elf blademaster
 35408 | Elf:2    | Killed a deep elf blademaster
 35827 | Elf:3    | Received a gift from Okawaru
 35944 | Elf:3    | Killed a deep elf blademaster
 36131 | Elf:3    | Identified the cursed +1 rapier of Inflation {freeze, +Rage
                  | +Inv rF+ Dex-4}
 36133 | Elf:3    | Reached XP level 20. HP: 79/130 MP: 2/27
 36155 | Elf:3    | Identified the +11 hand axe "Saopno" {drain, Int+2}
 36316 | Elf:3    | Identified the Compendium of the Burning Rocks
 36345 | Elf:3    | Got a pair of shimmering gloves
 36404 | Elf:3    | Learned a level 8 spell: Necromutation
 36685 | Elf:3    | Received a gift from Okawaru
 36773 | Elf:3    | Reached skill level 1 in Transmutations
 37071 | Elf:1    | Reached skill level 1 in Spellcasting
 37071 | Elf:1    | Reached skill level 1 in Necromancy
 37354 | Snake:1  | Entered Level 1 of the Snake Pit
 37834 | Snake:1  | Reached skill level 22 in Armour
 38229 | Snake:2  | Noticed Aizul
 38249 | Snake:2  | Killed Aizul
 38473 | Snake:2  | Received a gift from Okawaru
 38532 | Snake:2  | Found a sparkling altar of Nemelex Xobeh.
 38550 | Snake:2  | You fall into a shaft and drop 1 floor!
 38768 | Snake:3  | Reached skill level 5 in Transmutations
 39542 | Snake:2  | Received a gift from Okawaru
 39685 | Snake:3  | Found a sparkling altar of Nemelex Xobeh.
 39757 | Snake:3  | Found Waoth's General Store.
 40089 | Snake:4  | Entered Level 4 of the Snake Pit
 40193 | Snake:4  | Reached skill level 5 in Spellcasting
 40213 | Snake:4  | Reached XP level 21. HP: 121/135 MP: 24/28
 40350 | Snake:4  | Found Yfocha's Armour Emporium.
 40386 | Snake:4  | Identified the cursed +0 cloak "Qudee" {rPois MR+} (You
                  | found it in a wizard's laboratory)
 40387 | Snake:4  | Identified the +0 cloak of the Tuna {rC+ rN++ Str+3 Dex-3}
                  | (You found it in a wizard's laboratory)
 40400 | Snake:4  | Reached skill level 5 in Necromancy
 40646 | Snake:4  | Identified the +10 hunting sling of the Silent Majority
                  | {speed, Str+4 Int+3 Dex+3 SInv}
 41063 | Snake:4  | Got a serpentine rune of Zot
 41643 | Shoals:1 | Entered Level 1 of the Shoals
 44195 | Shoals:2 | Identified the +2 pair of gloves of Poor Excuses {Dex+7}
                  | (You found it on level 3 of the Elven Halls)
 44555 | Shoals:3 | Got a shimmering platinum amulet
 45225 | Shoals:3 | Identified the amulet of the Thoughtful Runes {Gourm MR++}
                  | (You found it on level 3 of the Shoals)
 45870 | Shoals:4 | Entered Level 4 of the Shoals
 46297 | Shoals:4 | Identified the ring "Tuacidwi" {Fire *Slow rElec Str+2
                  | Dex+2}
 46686 | Shoals:4 | Reached XP level 22. HP: 116/141 MP: 32/32
 46729 | Shoals:4 | Identified the cursed ring "Ragraa" {rElec Int+3 Slay-5}
 47538 | Shoals:4 | Got a barnacled rune of Zot
 47571 | Shoals:4 | Got a pitted ruby amulet
 48351 | Vaults:1 | Entered Level 1 of the Vaults
 49038 | Vaults:1 | Received a gift from Okawaru
 49411 | Vaults:1 | Reached skill level 23 in Armour
 49438 | Vaults:1 | Received a gift from Okawaru
 50586 | Vaults:1 | Received a gift from Okawaru
 50586 | Vaults:1 | Reached skill level 10 in Transmutations
 50685 | Vaults:1 | Reached XP level 23. HP: 146/146 MP: 36/36
 50877 | Vaults:1 | Identified the amulet of Zin's Displeasure {Acrobat MR+}
                  | (You acquired it on level 4 of the Shoals)
 51630 | Vaults:2 | Received a gift from Okawaru
 52101 | Vaults:2 | Reached skill level 10 in Necromancy
 52245 | Vaults:2 | Reached skill level 10 in Spellcasting
 52405 | Vaults:2 | Got a pair of warped gloves {god gift}
 52843 | Vaults:2 | Identified Sif Muna's Incunabulum of Transmutation and
                  | Translocation
 53667 | Vaults:3 | Found a flickering gateway to a bazaar.
 53691 | Bazaar   | Entered a bazaar
 53695 | Bazaar   | Found Nymnuran's Jewellery Boutique.
 53713 | Bazaar   | Found Oplatzej's Armour Emporium.
 53730 | Bazaar   | Found Ufis's Book Boutique.
 53747 | Bazaar   | Found Qaf Imp's Antique Armour Shoppe.
 53828 | Vaults:3 | Noticed Nikola
 53852 | Vaults:3 | Killed Nikola
 54178 | Vaults:3 | Received a gift from Okawaru
 54178 | Vaults:3 | Reached XP level 24. HP: 153/153 MP: 37/37
 54181 | Vaults:3 | Noticed Mennas
 54239 | Vaults:3 | Killed Mennas
 54364 | Vaults:3 | Found a sacrificial altar of Ru.
 54570 | Vaults:3 | Noticed Sojobo
 54592 | Vaults:3 | Killed Sojobo
 54749 | Vaults:3 | Received a gift from Okawaru
 55012 | Vaults:3 | Found a staircase to the Crypt.
 56008 | Vaults:4 | Reached skill level 24 in Armour
 57318 | Depths:1 | Entered Level 1 of the Depths
 57355 | Depths:1 | Received a gift from Okawaru
 57390 | Depths:1 | Reached XP level 25. HP: 113/158 MP: 38/38
 57662 | Depths:1 | Identified the +0 pair of gloves of Duty {rC+ Int+3 Dex+2}
                  | (Okawaru gifted it to you on level 2 of the Vaults)
 58069 | Depths:1 | Found a gateway to Hell.
 58878 | Depths:2 | Noticed a juggernaut
 59119 | Depths:1 | Killed a juggernaut
 59133 | Depths:1 | Received a gift from Okawaru
 60759 | Depths:2 | Found an opulent altar of Gozag.
 60760 | Depths:2 | Noticed Saint Roka
 60790 | Depths:2 | Killed Saint Roka
 61006 | Depths:2 | Found a one-way gate to the infinite horrors of the Abyss.
 61104 | Depths:2 | Noticed a caustic shrike
 61118 | Depths:2 | Killed a caustic shrike
 61118 | Depths:2 | Received a gift from Okawaru
 61785 | Depths:3 | Reached XP level 26. HP: 164/164 MP: 39/39
 61981 | Depths:3 | Found a one-way gate leading to the halls of Pandemonium.
 62451 | Depths:3 | Received a gift from Okawaru
 63171 | Depths:4 | Got a faintly glowing tin ring
 63172 | Depths:4 | Identified the ring of Essy Asma {Ice +Inv rPois rN++
                  | Slay-2} (You acquired it on level 4 of the Depths)
 63632 | Depths:4 | Found a gateway to a ziggurat.
 63712 | Depths:4 | Received a gift from Okawaru
 63717 | Depths:4 | Got a pair of jewelled boots {god gift}
 64386 | Depths:4 | Found a corrupted altar of Lugonu.
 64581 | Depths:5 | Entered Level 5 of the Depths
 65248 | Depths:5 | Reached skill level 15 in Transmutations
 65262 | Depths:5 | Reached skill level 25 in Armour
 65596 | Depths:5 | Identified the +1 pair of boots "Guzuetio" {rC+ Int+2}
                  | (Okawaru gifted it to you on level 4 of the Depths)
 66071 | Depths:5 | Found a gate to the Realm of Zot.
 66671 | Vaults:5 | Entered Level 5 of the Vaults
 66823 | Vaults:4 | Received a gift from Okawaru
 66831 | Vaults:4 | Reached XP level 27. HP: 153/170 MP: 41/41
 68228 | Vaults:5 | Reached skill level 15 in Spellcasting
 68228 | Vaults:5 | Reached skill level 15 in Necromancy
 68233 | Vaults:5 | Received a gift from Okawaru
 68930 | Vaults:5 | Noticed an ancient lich
 68948 | Vaults:4 | Killed from afar by a tengu reaver

Levels and vault maps discovered:
D:1:      minmay_arrival_widening_spiral_wide, layout_basic
D:2:      layout_rooms
D:3:      layout_basic, overflow_temple_1_default, first_ration,
          gammafunk_ghost_gnarly_gnolls
D:4:      corexii_shack_village, layout_loops_ring,
          chequers_temple_overflow_minitemple, uniq_ijyb, uniq_sigmund,
          uniq_robin, uniq_blork_the_orc
D:5:      layout_basic, minmay_temple_entry_large_hall
D:6:      kennysheep_big_flooded_room, layout_rooms, lightli_corner_chamber
D:7:      layout_basic, minmay_shop_damaged
D:8:      layout_cave_pools, lemuel_doored_altar, erik_lair_dragon
D:9:      layout_basic, old_standard_altar, hangedman_fish_farm, minivault_13
D:10:     minmay_distorted_concentric_squares, layout_basic, orc_0_dummy,
          uniq_snorg, uniq_erica
D:11:     layout_roguey
D:12:     minmay_the_grid_octo_triangle [minmay_the_grid_octo_horde,
          minmay_the_grid_octo_prize_big_c, minmay_the_grid_octo_clover],
          layout_grid_maze, special_room [special_room_bee], uniq_erolcha
D:13:     layout_roguey
D:14:     layout_stronghold, david_vaults_4, grunt_decor_one_mirror,
          nicolae_trove_entry_crossroad, uniq_roxanne
D:15:     grunt_enter_depths_snipers, layout_gridville, serial_glass,
          glass_columns_b, glass_columns_b
Temple:   regret_index_temple_sphere_string
Lair:1:   layout_misc_corridors, kennysheep_abandoned_house,
          serial_bayou_shore_b
Lair:2:   layout_cave_pods, portal_ice_cave_rime
Lair:3:   layout_gridlike, minmay_shoals_entry_lonely_mermaid,
          serial_bayou_crossing, grunt_megastairs_1, uniq_nergalle
Lair:4:   layout_long_grid, minmay_snake_entry_guardpost_small,
          lemuel_fruit_tree
Lair:5:   layout_small_grid, slime_altar_2, guppyfry_lair_drakes,
          grunt_megastairs_2, serial_bayou_shore_a, infiniplex_staircase_pool
Lair:6:   cheibrodos_lair_end_hotspot, layout_hall_layers
Shoals:1: layout_shoals, nicolae_shoals_water_elemental_grotto
Shoals:2: layout_shoals
Shoals:3: layout_shoals
Shoals:4: shoals_end_grunt_garden, layout_shoals
Snake:1:  layout_cave_shapes, minmay_snake_pond, grunt_megastairs_4
Snake:2:  layout_cave_town, basic_altar, serial_bayou_shore_b, uniq_aizul
Snake:3:  layout_onion, basic_altar, grunt_ministairs_10,
          minmay_shop_grid_forest
Snake:4:  snake_pit, layout_cave_town, serial_shops, shop
Orc:1:    layout_caves, enter_bailey_2, serial_shops, shop,
          nicolae_volcano_entry_two_sided, mines1_david
Orc:2:    st_orc_congregation, layout_diamond_mine, basic_altar,
          bh_open_orc_temple
Elf:1:    elf_arrival_002, layout_geoelf_octagon, special_room
          [special_room_orc], serial_shops, shop,
          hangedman_elven_crosses_minicolossus, uniq_donald, uniq_jorgrun
Elf:2:    layout_geoelf_octagon, uniq_agnes
Elf:3:    grunt_elf_hall_diamonds, layout_loops_corners,
          infiniplex_enter_wizlab_glasses
Vaults:1: v_misc_10, v_misc_17, vaults_room_grid, nicolae_vaults_puzzle_piece,
          vaults_mumra_minichess_inversion, st_greater_box_1,
          nicolae_vaults_hallways_thing, ontoclasm_vaults_misaligned,
          nicolae_vaults_shelves_hall, nicolae_vaults_asterisk,
          ontoclasm_vaults_tryst, nicolae_vaults_big_ls,
          dpeg_vaults_monster_box, vaults_room_hallway,
          ontoclasm_vaults_loading_screen, layout_vaults_big_cross
Vaults:2: v_misc_2, nicolae_vaults_theta, vaults_room_door_hall,
          nicolae_vaults_little_squares_1, nicolae_vaults_diagonal_hallway_6,
          v_misc_16, hangedman_vaults_impose, nicolae_vaults_octagons,
          v_alt_pattern_5, layout_vaults_omnigrid
Vaults:3: hangedman_vaults_pinch, hangedman_vaults_snaps,
          vaults_room_hangedman_quadrants, serial_ice_g, vaults_room_corners,
          nicolae_vaults_little_ls, nicolae_vaults_little_squares_2,
          ontoclasm_vaults_shuriken, hangedman_vaults_cutoff, v_misc_8,
          v_misc_12, dpeg_vaults_monster_row, nicolae_vaults_little_squares_3,
          grunt_vaults_hallway_long, nicolae_vaults_theta,
          ontoclasm_vaults_bender, nicolae_vaults_little_squares_4,
          minmay_crypt_entry_skeletal_spiral, ontoclasm_vaults_twist,
          layout_vaults_maze, serial_shops, bzr_entry_gold, basic_altar,
          uniq_nikola, uniq_mennas, uniq_sojobo
Vaults:4: ontoclasm_vaults_spin, nicolae_vaults_network_star,
          vaults_room_ringed_pool, hangedman_vaults_stagger,
          vaults_dpeg_diagonal, grunt_vaults_trifunnel, vaults_mumra_chevron,
          vaults_room_pool, ontoclasm_vaults_hangar, v_misc_23,
          vaults_room_pool, nicolae_vaults_shelves_hall, layout_vaults_big_room
Vaults:5: serial_shops
Depths:1: layout_cave_pools, chequers_serial_rivers_micro_a,
          grunt_hell_entry_dis_grunt, bh_walls_and_bars
Depths:2: cheibrodos_leafed_vault, layout_cave_pools,
          hangedman_tar_grid_catacomb, minmay_misc_feat_four_crosses,
          abyss_entry_crystal, kennysheep_flooded_box,
          minmay_staircase_statues_hall_small, uniq_saint_roka
Depths:3: kennysheep_demon_jail, layout_honeycomb, pf_dread_powers_of_hell,
          rand_demon_pan_entry_9
Depths:4: evilmike_horseshoe, layout_basic, enter_ziggurat_c, roderic_lattice_a,
          grunt_hell_horde, abyss_entry_flame_altar
Depths:5: evilmike_zot_entry_diamond, layout_cross, rand_demon_pan_entry_4,
          hangedman_coc_ice_floe, minmay_misc_feat_iff

Skill      XL: |  1  2  3  4  5  6  7  8  9 10 11 12 13 14 15 16 17 18 19 20 21 22 23 24 25 26 27 |
---------------+----------------------------------------------------------------------------------+-----
Shields        | 4 5 6 7 8 9 |  9.0
Fighting       | 4 |  4.2
Maces & Flails | 3 4 6 8 9 10 11 12 | 12.1
Armour         | 4 5 6 8 10 11 12 13 14 16 18 19 20 21 22 23 24 25 | 25.7
Invocations    | 4 7 9 10 | 10.0
Evocations     | 4 6 8 9 |  9.0
Axes           | 6 9 11 13 15 17 18 19 20 21 | 21.4
Transmutations | 5 8 10 11 12 14 15 16 | 16.5
Spellcasting   | 5 7 9 10 11 12 14 15 | 15.3
Necromancy     | 4 7 9 10 11 12 14 15 | 15.3

Action                   |  1- 3 |  4- 6 |  7- 9 | 10-12 | 13-15 | 16-18 | 19-21 | 22-24 | 25-27 || total
-------------------------+-------+-------+-------+-------+-------+-------+-------+-------+-------++-------
Melee: Flail             |    80 |   129 |       |       |       |       |       |       |       ||   209
       Whip              |       |   143 |   414 |   817 |  1303 |   542 |       |       |       ||  3219
       Trident           |       |       |       |     7 |    81 |    11 |       |       |       ||    99
       Broad axe         |       |       |       |       |       |  1173 |  1653 |  1778 |  1536 ||  6140
       Executioner's axe |       |       |       |       |       |       |    45 |       |       ||    45
Invok: Heroism           |       |       |       |     5 |     8 |     5 |    13 |     9 |    10 ||    50
       Finesse           |       |       |       |       |       |     4 |     3 |     2 |     5 ||    14
 Abil: Evoke Flight      |       |       |       |       |       |     2 |       |       |       ||     2
Evoke: Wand              |       |       |       |       |     6 |       |     1 |     7 |     5 ||    19
       Lamp of fire      |       |       |       |       |       |       |     2 |     1 |     1 ||     4
  Use: Scroll            |       |       |       |    19 |    14 |     9 |     8 |     7 |    10 ||    67
       Potion            |       |       |       |     2 |     2 |       |     4 |     2 |       ||    10
 Stab: Distracted        |       |       |       |       |       |       |       |     1 |     1 ||     2
       Paralysed         |       |       |       |       |       |       |       |       |     7 ||     7
       Petrifying        |       |       |       |       |       |       |       |       |     1 ||     1
  Eat: Chunk             |     1 |     8 |     7 |    14 |    24 |    22 |    23 |    23 |    15 ||   137
       Ration            |       |       |       |     2 |     2 |     5 |     6 |     3 |     6 ||    24
Armor: Scale mail        |    36 |    52 |       |       |       |       |       |       |       ||    88
       Gold dragon scale |       |    62 |   127 |   110 |   433 |   330 |   386 |   432 |   576 ||  2456
Dodge: Dodged            |    21 |    70 |    21 |    11 |   140 |    85 |    88 |   115 |   111 ||   662
Block: Shield            |    49 |   151 |   297 |   542 |   801 |  1073 |  1359 |  1139 |  1220 ||  6631
       Reflection        |       |       |       |       |     5 |   154 |   210 |   129 |    76 ||   574

Table legend:
 A = Non-vault XP
 B = Vault XP
 C = Vault XP percentage of total XP
 D = Non-vault monster count
 E = Vault monster count
 F = Vault count percentage of total count
                 A         B        C        D         E       F
            +---------+---------+-------+---------+---------+-------
      Total |  587413 |  584572 |  49.9 |    1392 |     884 |  38.8
            +---------+---------+-------+---------+---------+-------
        D:1 |      41 |       0 |   0.0 |      19 |       0 |   0.0
        D:2 |      86 |       0 |   0.0 |      24 |       0 |   0.0
        D:3 |      57 |       0 |   0.0 |      27 |       0 |   0.0
        D:4 |     402 |     431 |  51.7 |      15 |      24 |  61.5
        D:5 |     562 |       0 |   0.0 |      31 |       0 |   0.0
        D:6 |    1162 |     154 |  11.7 |      27 |       2 |   6.9
        D:7 |    2723 |       0 |   0.0 |      46 |       0 |   0.0
        D:8 |    2292 |    1290 |  36.0 |      17 |       6 |  26.1
        D:9 |    2203 |    4356 |  66.4 |      23 |       9 |  28.1
       D:10 |    3509 |    2419 |  40.8 |      21 |      11 |  34.4
       D:11 |    3206 |    1883 |  37.0 |      27 |       2 |   6.9
       D:12 |    2728 |   11279 |  80.5 |      21 |      45 |  68.2
       D:13 |    6611 |       0 |   0.0 |      28 |       0 |   0.0
       D:14 |    7052 |    3191 |  31.2 |      25 |       4 |  13.8
       D:15 |   13108 |    2318 |  15.0 |      38 |       3 |   7.3
     Lair:1 |    3499 |     314 |   8.2 |       8 |      15 |  65.2
     Lair:2 |    5156 |     702 |  12.0 |      18 |       2 |  10.0
     Lair:3 |   11736 |    2472 |  17.4 |      31 |       4 |  11.4
     Lair:4 |   10982 |     474 |   4.1 |      33 |       3 |   8.3
     Lair:5 |    5852 |    4545 |  43.7 |      26 |      16 |  38.1
     Lair:6 |   10971 |    7011 |  39.0 |      33 |      23 |  41.1
   Shoals:1 |    5261 |     635 |  10.8 |      14 |       3 |  17.6
   Shoals:2 |   13134 |       0 |   0.0 |      29 |       0 |   0.0
   Shoals:3 |   13817 |       0 |   0.0 |      25 |       0 |   0.0
   Shoals:4 |   13859 |   19887 |  58.9 |      26 |      34 |  56.7
    Snake:1 |   14640 |    3043 |  17.2 |      34 |      12 |  26.1
    Snake:2 |   20176 |    1742 |   7.9 |      34 |       1 |   2.9
    Snake:3 |   25004 |    3369 |  11.9 |      50 |       7 |  12.3
    Snake:4 |    8103 |   26166 |  76.4 |      16 |      40 |  71.4
      Orc:1 |    3685 |    1655 |  31.0 |      61 |       1 |   1.6
      Orc:2 |     964 |   11594 |  92.3 |      19 |      85 |  81.7
      Elf:1 |    3498 |   23395 |  87.0 |       6 |      37 |  86.0
      Elf:2 |   25417 |   30110 |  54.2 |      44 |      33 |  42.9
      Elf:3 |   20134 |   42403 |  67.8 |      31 |      29 |  48.3
   Vaults:1 |   49808 |   44755 |  47.3 |      85 |      60 |  41.4
   Vaults:2 |   47596 |   25788 |  35.1 |      76 |      36 |  32.1
   Vaults:3 |   20570 |   50597 |  71.1 |      39 |      45 |  53.6
   Vaults:4 |   36686 |   62267 |  62.9 |      54 |      70 |  56.5
   Vaults:5 |   22720 |   73445 |  76.4 |      27 |      50 |  64.9
   Depths:1 |   47847 |   19809 |  29.3 |      60 |      12 |  16.7
   Depths:2 |   15127 |   25698 |  62.9 |      25 |      24 |  49.0
   Depths:3 |   29498 |   14447 |  32.9 |      38 |      24 |  38.7
   Depths:4 |   40750 |   28506 |  41.2 |      44 |      23 |  34.3
   Depths:5 |   15181 |    7851 |  34.1 |      17 |       7 |  29.2
     Bailey |       0 |    2051 | 100.0 |       0 |      27 | 100.0
      IceCv |       0 |    3160 | 100.0 |       0 |      11 | 100.0
    Volcano |       0 |    3820 | 100.0 |       0 |      11 | 100.0
     WizLab |       0 |   15540 | 100.0 |       0 |      33 | 100.0
            +---------+---------+-------+---------+---------+-------
